 Dungeon Crawl Stone Soup version 0.25-a0-41-g6cf4ce5 (webtiles) character file.

Game seed: 6227669889577447628, levelgen mode: deterministic

227 vhaine the Slinger (level 6, -6/58 HPs)
             Began as a Halfling Hunter on Oct 21, 2019.
             Mangled by Duvessa
             ... wielding a +0 short sword
              (9 damage)
             ... on level 4 of the Dungeon.
             The game lasted 00:07:20 (4403 turns).

vhaine the Slinger (Halfling Hunter)                Turns: 4403, Time: 00:07:21

Health: -6/58      AC:  8    Str: 18      XL:     6   Next: 22%
Magic:  6/6        EV: 14    Int: 10      God:
Gold:   151        SH:  0    Dex: 14 (16) Spells: 5/5 levels left

rFire    + . .     SeeInvis .   b - +0 short sword
rCold    . . .     Gourm    .   (shield restricted)
rNeg     . . .     Faith    .   x - +0 leather armour {rF+}
rPois    +         Spirit   .   i - +0 helmet
rElec    .         Reflect  .   t - +2 cloak {rPois}
rCorr    .         Harm     .   m - +0 pair of gloves
MR       .....                  (no boots)
Stlth    ..........             (no amulet)
HPRegen  0.19/turn              (no ring)
MPRegen  0.10/turn              (no ring)

@: berserking, very quick
A: small, mutation resistance 1
a: no special abilities


You were on level 4 of the Dungeon.
You were hungry.

You visited 1 branch of the dungeon, and saw 4 of its levels.

You collected 151 gold pieces.

Inventory:

Hand Weapons
 a - a +1 hunting sling
 b - a +0 short sword (weapon)
Missiles
 d - 31 sling bullets
 n - 42 stones (quivered)
Armour
 c - a +0 leather armour
 g - a +0 helmet
 i - a +0 helmet (worn)
 m - a +0 pair of gloves (worn)
 t - a +2 cloak of poison resistance (worn)
 x - a +0 leather armour of fire resistance (worn)
Wands
 o - a wand of paralysis (9)
Scrolls
 e - a scroll of immolation {unknown}
 h - 2 scrolls of teleportation {unknown}
 j - 4 scrolls of identify {unknown}
 k - a scroll of fog {unknown}
 l - a scroll of enchant weapon {unknown}
 p - a scroll of remove curse {unknown}
 s - a scroll of enchant armour {unknown}
 w - a scroll of blinking {unknown}
Potions
 u - a potion of curing {unknown}
 v - a potion of resistance {unknown}
Comestibles
 f - 8 rations


   Skills:
 - Level 1.7 Fighting
 + Level 10.1 Slings
 - Level 2.1 Dodging
 - Level 1.1 Stealth


You had 5 spell levels left.
You didn't know any spells.
Your spell library was empty.

Dungeon Overview and Level Annotations

Branches:
Dungeon (4/15)
 Temple: D:4-7

Altars:

Annotations:
D:4 Dowan, Duvessa


Innate Abilities, Weirdness & Mutations

You are small and have problems with some larger weapons.
You are somewhat resistant to further mutation.


Message History

You are feeling hungry.
You puncture the gnoll!
You kill the gnoll!
You feel your strength returning. The adder closely misses you.
The gnoll completely misses you. The gnoll shaman barely misses you.
You miss the adder. The adder bites you but does no damage.
The gnoll closely misses you.
The gnoll shaman hits you but does no damage.
The adder barely misses you.
You miss the adder. Duvessa closely misses you.
The gnoll hits you with a +0 flail!
* * * LOW HITPOINT WARNING * * *
You puncture the adder!
The adder is almost dead.
The adder bites you but does no damage.
The gnoll shaman hits you with a +0 club!
* * * LOW HITPOINT WARNING * * *
Duvessa hits you with a +0 short sword!
You die...

..... .. . #.#.####.# .#
..##.#... .?# ?#
........###.# .#
..##........# .# ..#
#...# #.# .# ..# #...#
#.#####.### ..# #..##
#....e....###. ..###..#
#.####@S......
.......####.####gg#.###.
.............g....# #
..####.####(#######
............#####
.#####.(.....$.... .#
#g###########
######(#### #.......#


You could see Duvessa, a gnoll shaman, a gnoll and an adder.

Vanquished Creatures
  2 orc priests (D:3)
  A hound (D:3)
  2 gnolls (D:4)
  3 adders
  A worm (D:3)
  5 dart slugs
  2 leopard geckos
  15 orcs
  2 giant cockroaches (D:3)
  2 goblins (D:1)
  7 hobgoblins
  2 quokkas
  8 bats
  3 frilled lizards
  7 kobolds
  A leopard gecko skeleton (D:4)
  4 rats
67 creatures vanquished.

Notes
Turn   | Place    | Note
-------+----------+-------------------------------------------
     0 | D:1      | vhaine the Halfling Hunter began the quest for the Orb.
     0 | D:1      | Reached XP level 1. HP: 14/14 MP: 1/1
   134 | D:1      | Reached skill level 6 in Slings
   177 | D:1      | Reached XP level 2. HP: 19/19 MP: 2/2
  1008 | D:2      | Reached skill level 7 in Slings
  1008 | D:2      | Reached XP level 3. HP: 21/24 MP: 3/3
  1516 | D:2      | Reached XP level 4. HP: 28/29 MP: 4/4
  2115 | D:3      | Reached skill level 8 in Slings
  2431 | D:3      | Reached XP level 5. HP: 33/34 MP: 5/5
  3457 | D:3      | Reached skill level 9 in Slings
  3793 | D:3      | Reached XP level 6. HP: 12/39 MP: 6/6
  4270 | D:4      | Reached skill level 10 in Slings
  4293 | D:4      | Noticed Dowan
  4301 | D:4      | Noticed Duvessa
  4403 | D:4      | Mangled by Duvessa

Levels and vault maps discovered:
D:1:      nicolae_arrival_washed_ashore, layout_loops_ring,
          kennysheep_another_room
D:2:      layout_basic
D:3:      layout_basic, first_ration
D:4:      minmay_chambers_of_threes, layout_loops_ring, uniq_duvessa,
          uniq_edmund

Skill      XL: |  1  2  3  4  5  6 |
---------------+-------------------+-----
Slings         | 6 7 8 9 10 | 10.1
Fighting       | |  1.7
Dodging        | |  2.1
Stealth        | |  1.1

Action                   |  1- 3 |  4- 6 || total
-------------------------+-------+-------++-------
Melee: Short sword       |   136 |   254 ||   390
 Fire: Hunting sling     |     4 |     6 ||    10
  Use: Potion            |       |     3 ||     3
 Stab: Sleeping          |     4 |     2 ||     6
  Eat: Chunk             |     2 |     9 ||    11
Armor: Leather armour    |    37 |    73 ||   110
Dodge: Dodged            |   103 |   196 ||   299

Table legend:
 A = Non-vault XP
 B = Vault XP
 C = Vault XP percentage of total XP
 D = Non-vault monster count
 E = Vault monster count
 F = Vault count percentage of total count
                 A         B        C        D         E       F
            +---------+---------+-------+---------+---------+-------
      Total |     325 |       0 |   0.0 |      67 |       0 |   0.0
            +---------+---------+-------+---------+---------+-------
        D:1 |      28 |       0 |   0.0 |      15 |       0 |   0.0
        D:2 |      55 |       0 |   0.0 |      17 |       0 |   0.0
        D:3 |     196 |       0 |   0.0 |      30 |       0 |   0.0
        D:4 |      46 |       0 |   0.0 |       5 |       0 |   0.0
            +---------+---------+-------+---------+---------+-------
